 Dungeon Crawl Stone Soup version 0.29-a0-1016-g236c7fd91e (webtiles) character file.

Game seed: 160616354042720554

6612 voltaire321 the Merchant of Misery (level 10, -3/118 HPs)
             Began as a Demonspawn Necromancer on Aug 8, 2022.
             Was a Believer of Kikubaaqudgha.
             Succumbed to Manisian's ghost's poison
             ... on level 9 of the Dungeon on Aug 9, 2022.
             The game lasted 00:45:10 (13676 turns).

voltaire321 the Merchant of Misery (DsNe)          Turns: 13676, Time: 00:45:10

Health: -3/118     AC: 11    Str:  9    XL:     10   Next: 71%
Magic:  20/20      EV: 19    Int: 18    God:    Kikubaaqudgha [**....]
Gold:   658        SH:  4    Dex: 16    Spells: 10/23 levels left

rFire   + + .      SeeInvis .   y - +8 short sword "Asicvy" {protect, rF+ Will+}
rCold   . . .      Faith    .   (no shield)
rNeg    . . .      Spirit   .   a - +0 robe
rPois   .          Reflect  .   m - +1 helmet
rElec   .          Harm     .   (cloak unavailable)
rCorr   .          Rampage  .   (no gloves)
Will    +....                   (no boots)
Stlth   ..........              (no amulet)
HPRegen 0.29/turn               d - +4 ring of evasion
MPRegen 0.17/turn               h - ring of protection from fire

@: mighty, berserking, lethally poisoned (-3 -> -28), animating dead (expiring),
very quick
A: yellow scales 2, foul stench 1, icemail 1, condensation shield, weakness
stinger 3
a: Renounce Religion, Unearth Wretches


You were on level 9 of the Dungeon.
You worshipped Kikubaaqudgha.
Kikubaaqudgha was pleased with you.
You visited 2 branches of the dungeon, and saw 10 of its levels.
You also visited: Sewer.

You collected 658 gold pieces.

Inventory:

Hand Weapons
 q - a +7 scimitar
 u - a +1 vorpal dagger
 y - the +8 short sword "Asicvy" (weapon) {protect, rF+ Will+}
   (You found it on level 7 of the Dungeon)

   It grants its wielder temporary protection when it strikes (+7 to AC).
   rF:        It protects you from fire.
   Will:      It increases your willpower.
Missiles
 p - a throwing net
Armour
 a - a +0 robe (worn)
 m - a +1 helmet (worn)
Jewellery
 d - a +4 ring of evasion (left hand)
 h - a ring of protection from fire (right hand)
 l - a ring of flight
 A - a ring of resist corrosion
 L - a +4 ring of protection
Wands
 g - a wand of roots (12)
 B - a wand of mindburst (21)
 D - a wand of light (8)
 G - a wand of paralysis (8)
Scrolls
 c - 3 scrolls of blinking
 i - 2 scrolls of silence
 j - 5 scrolls of identify
 n - a scroll of poison
 r - 2 scrolls of magic mapping
 x - 2 scrolls of amnesia {unknown}
 E - a scroll of fear {unknown}
 F - a scroll of enchant weapon {unknown}
 H - a scroll of summoning {unknown}
 K - a scroll of teleportation
Potions
 b - 4 potions of magic
 e - a potion of invisibility
 k - 2 potions of flight
 o - 2 potions of might
 s - 3 potions of resistance
 t - 2 potions of brilliance {unknown}
 v - 2 potions of lignification
 w - a potion of mutation {unknown}
 z - a potion of berserk rage
 C - 2 potions of haste {unknown}
 I - a potion of cancellation {unknown}
 J - a potion of ambrosia {unknown}


   Skills:
 + Level 7.4 Fighting
 + Level 7.1 Dodging
 - Level 2.0 Stealth
 + Level 7.2 Spellcasting
 + Level 9.4 Necromancy
 + Level 6.3 Evocations


You had 10 spell levels left.
You knew the following spells:

 Your Spells              Type           Power      Damage    Failure   Level
a - Necrotise             Necr           100%       1d9       1%          1
b - Vampiric Draining     Necr           40%        2d8       1%          3
c - Animate Dead          Necr           40%        N/A       2%          4
d - Agony                 Necr           40%        N/A       6%          5

Your spell library contained the following spells:

 Spells                   Type           Power      Damage    Failure   Level
 Sublimation of Blood     Necr           40%        N/A       1%          2
 Conjure Flame            Conj/Fire      6%         6-21      32%         3
 Gell's Gravitas          Tloc           6%         N/A       32%         3
 Ignite Poison            Fire/Tmut/Pois 6%         N/A       32%         3
 Teleport Other           Tloc           6%         N/A       32%         3
 Sticky Flame             Conj/Fire      6%         2d3       71%         4
 Dispersal                Tloc           3%         N/A       100%        6


Dungeon Overview and Level Annotations

Branches:
Dungeon (9/15)             Temple (1/1) D:4           Sewer (visited)
   Lair: D:8-11         Orc: D:9-12

Altars:
Ashenzari
Cheibriados
Dithmenos
Fedhas
Gozag
Hepliaklqana
Kikubaaqudgha
Makhleb
Nemelex Xobeh
Okawaru
Qazlal
Ru
Sif Muna
Trog
Uskayaw
Vehumet
Wu Jian
Xom
Yredelemnul

Shops:
D:5 =   D:6 ?

Annotations:
D:7 3 runed translucent doors, ragingrage's ghost, novice DsCK
D:9 Manisian's ghost, journeyman DESu


Innate Abilities, Weirdness & Mutations

You are mostly covered in yellow scales. (AC +3)
You may rarely emit foul miasma when damaged in melee.
A meltable icy envelope protects you from harm. (AC +4)
A meltable shield of frost defends you. (SH +4)
You have a sharp stinger which inflicts weakening toxins.


Message History

Your slime creature zombie barely misses Manisian's ghost.
The river rat bites your slime creature zombie.
You barely miss Manisian's ghost.
Your slime creature zombie hits the bat!
The bat dies!
The bat's corpse disappears in a puff of smoke!
Manisian's ghost casts a spell.
You completely miss Manisian's ghost.
Your tail-slap misses Manisian's ghost.
Manisian's ghost hits you!
* * * LOW HITPOINT WARNING * * *
You are poisoned.
Your slime creature zombie hits the river rat but does no damage.
The crimson imp hits your slime creature zombie.
You barely miss Manisian's ghost.
* * * LOW HITPOINT WARNING * * *
You feel very sick.
Manisian's ghost hits you but does no damage.
You are lethally poisoned!
The crimson imp hits your slime creature zombie.
Your cyclops zombie barely misses the crimson imp.
Your slime creature zombie hits the crimson imp!
It was a potion of berserk rage.
A red film seems to cover your vision as you go berserk!
You feel yourself moving faster!
You feel mighty!
* * * LOW HITPOINT WARNING * * *
You feel very sick. Manisian's ghost hits you!
* * * LOW HITPOINT WARNING * * *
You are more poisoned.
The crimson imp hits your slime creature zombie.
You barely miss Manisian's ghost.
Your tail-slap misses Manisian's ghost.
* * * LOW HITPOINT WARNING * * *
You feel very sick.
Your slime creature zombie closely misses the crimson imp.
Manisian's ghost completely misses you.
Your cyclops zombie barely misses the crimson imp.
You completely miss Manisian's ghost.
Your tail-slap misses Manisian's ghost.
Your reaping aura is weakening.
You die...
Kikubaaqudgha rasps: "You have failed me!
Welcome... death!"

#.#..# #.......o.... #....#
#8....5o...o. #....#
#######'''### ##...###
#.......o... #......###
#....#####.. #..##....####
#.###.....## #.######....####
#.#8#..8..#8 #.# ####....### #
.......... .##### #.......@#####8
...[_[...
.....####.#######WrZZ############
.......##.# ##55..........)..
....#..##.# ##...>#######r..
....#...#Z# ##.8..## ##..
...###..#.# ##....## ##.r ...#
#....# ##....# #... ..## ##...#
##...## #... ..# #...#
##...###...


You could see a lightning spire (summoned), Manisian's ghost (ally target), 2
crimson imps, a river rat (summoned), a friendly slime creature zombie and a
friendly cyclops zombie.

Vanquished Creatures
  A cyclops (D:9)
  A manticore (D:9)
  An ugly thing (D:9)
  An efreet (D:9)
  A slime creature (D:9)
  3 yaks
  A wraith (D:8)
  A wyvern (D:9)
  3 steam dragons
  2 water moccasins
  2 orc warriors
  2 ice beasts
  A sky beast (D:8)
  4 black bears
  2 ogres
  A centaur (D:5)
  A phantom (D:6)
  A necrophage (D:6)
  4 bullfrogs
  A gnoll sergeant (D:7)
  4 scorpions
  8 wights
  5 killer bees (D:8)
  3 electric eels (D:6)
  5 hounds
  A gnoll bouda (D:6)
  6 jellies
  A quasit (D:6)
  An orc priest (D:7)
  9 orc wizards
  A killer bee zombie (D:7)
  A howler monkey zombie (D:7)
  Robin (D:3)
  8 gnolls
  7 adders
  A river rat (Sewer)
  8 shadow imps
  2 white imps
  4 ufetubi (D:7)
  3 worms
  3 dart slugs
  34 orcs
  4 bats
  9 endoplasms
  6 giant cockroaches
  9 hobgoblins
  6 jackals
  4 kobolds
  5 quokkas
  2 training dummies (D:4)
  10 ball pythons
  5 frilled lizards
  9 goblins
  6 rats
225 creatures vanquished.

Vanquished Creatures (collateral kills)
  A slime creature (D:9)
  A yak (D:6)
  A gnoll sergeant (D:9)
  A wight (D:5)
  A killer bee (D:7)
  A gnoll bouda (D:7)
  4 gnolls (D:9)
  2 ball pythons (Sewer)
  2 endoplasms (Sewer)
  3 goblins (D:3)
  A hobgoblin (D:2)
  2 frilled lizards
  2 rats (Sewer)
22 creatures vanquished.

Vanquished Creatures (others)
  A hydra (D:5)
  A slime creature (D:9)
  A centaur (D:5)
  2 bullfrog zombies
  A giant cockroach (D:4)
  4 gnoll zombies
  A quokka (D:5)
  2 orc zombies (D:9)
  A butterfly (D:4)
  3 demonic plants (D:7)
  A fungus (D:1)
  27 plants (D:6)
  3 toadstools (D:1)
48 creatures vanquished.

Grand Total: 295 creatures vanquished

Notes
Turn   | Place    | Note
-------+----------+-------------------------------------------
     0 | D:1      | voltaire321 the Demonspawn Necromancer began the quest for
                  | the Orb.
     0 | D:1      | Reached XP level 1. HP: 13/13 MP: 3/3
   203 | D:1      | Gained mutation: You may rarely emit foul miasma when
                  | damaged in melee. [demonic ancestry]
   203 | D:1      | Reached XP level 2. HP: 13/20 MP: 0/5
   906 | D:1      | Found a faded altar of an unknown god.
  1174 | D:2      | Reached skill level 1 in Fighting
  1174 | D:2      | Gained mutation: You have a small tail. [demonic ancestry]
  1174 | D:2      | Reached XP level 3. HP: 26/26 MP: 1/6
  1386 | D:2      | Found a radiant altar of Vehumet.
  1427 | D:2      | Learned a level 3 spell: Vampiric Draining
  1975 | D:3      | Noticed a scorpion
  1994 | D:3      | Reached XP level 4. HP: 32/32 MP: 2/7
  2008 | D:3      | Found a glowing drain.
  2012 | Sewer    | Entered a sewer
  2139 | Sewer    | Reached skill level 5 in Necromancy
  2402 | Sewer    | Gained mutation: A meltable shield of frost defends you.
                  | (SH +4) [demonic ancestry]
  2402 | Sewer    | Reached XP level 5. HP: 11/38 MP: 1/9
  2815 | Sewer    | Found a viscous altar of Jiyva.
  2888 | D:3      | Noticed Robin
  2929 | D:3      | Killed Robin
  3798 | D:3      | Gained mutation: A meltable icy envelope protects you from
                  | harm. (AC +4) [demonic ancestry]
  3798 | D:3      | Reached XP level 6. HP: 46/46 MP: 4/11
  3891 | D:3      | Learned a level 4 spell: Animate Dead
  4067 | D:4      | Found a radiant altar of Vehumet.
  4218 | D:4      | Reached skill level 6 in Necromancy
  4218 | D:4      | Gained mutation: You are partially covered in yellow
                  | scales. (AC +2) [demonic ancestry]
  4218 | D:4      | Reached XP level 7. HP: 33/52 MP: 4/12
  4671 | D:4      | Found a staircase to the Ecumenical Temple.
  4681 | Temple   | Entered the Ecumenical Temple
  4780 | Temple   | Became a worshipper of Kikubaaqudgha
  4962 | D:4      | Found a bloodstained altar of Trog.
  5078 | D:5      | Entered Level 5 of the Dungeon
  5135 | D:5      | Reached skill level 1 in Evocations
  5344 | D:5      | Found Wimno's Jewellery Shop.
  6087 | D:5      | Gained mutation: You are mostly covered in yellow scales.
                  | (AC +3) [demonic ancestry]
  6087 | D:5      | Reached XP level 8. HP: 60/60 MP: 9/14
  6837 | D:6      | Reached skill level 7 in Necromancy
  6899 | D:6      | Found Emublil's Magic Scroll Shoppe.
  6942 | D:5      | Reached skill level 5 in Spellcasting
  6959 | D:5      | Reached * piety under Kikubaaqudgha
  6959 | D:5      | Received a gift from Kikubaaqudgha
  6981 | D:5      | Reached skill level 5 in Fighting
  6981 | D:5      | Reached skill level 5 in Dodging
  7984 | D:6      | Found a shimmering blue altar of Sif Muna.
  8027 | D:6      | Gained mutation: You have a tail ending in a sharp stinger.
                  | [demonic ancestry]
  8027 | D:6      | Reached XP level 9. HP: 68/68 MP: 10/17
  9055 | D:7      | Identified the +8 short sword "Asicvy" {protect, rF+ Will+}
  9300 | D:7      | Found a runed translucent gate.
  9300 | D:7      | Found a runed translucent gate.
  9300 | D:7      | Found a runed translucent gate.
  9302 | D:7      | Found an opulent altar of Gozag.
  9302 | D:7      | Noticed a troll
  9303 | D:7      | Noticed ragingrage's ghost (novice DsCK)
  9303 | D:7      | Noticed a centaur warrior
  9344 | D:6      | Reached skill level 8 in Necromancy
  9822 | D:7      | Reached ** piety under Kikubaaqudgha
  9976 | D:7      | Upgraded the game from 0.29-a0-1009-g60c99734e7 to
                  | 0.29-a0-1016-g236c7fd91e
  9982 | D:7      | Learned a level 5 spell: Agony
 10137 | D:7      | Reached skill level 5 in Evocations
 10137 | D:7      | Found a basalt altar of Yredelemnul.
 10863 | D:8      | Gained mutation: You have a sharp stinger which inflicts
                  | weakening toxins. [demonic ancestry]
 10863 | D:8      | Reached XP level 10. HP: 77/77 MP: 12/19
 10991 | D:8      | Found Qiloh's Assorted Antiques.
 11734 | D:9      | Noticed a manticore
 11771 | D:9      | Killed a manticore
 11772 | D:9      | Reached skill level 9 in Necromancy
 12049 | D:9      | Found a shadowy altar of Dithmenos.
 12294 | D:9      | Noticed a cyan ugly thing
 12697 | D:9      | Found a runed translucent gate.
 12698 | D:9      | Found a runed translucent gate.
 12702 | D:9      | Found a shimmering altar of Xom.
 12717 | D:9      | Found a runed translucent gate.
 12717 | D:9      | Noticed Manisian's ghost (journeyman DESu)
 12720 | D:9      | Identified the +1 chain mail of the Arena {rElec Str+4}
 12981 | D:9      | Killed a cyan ugly thing
 13675 | D:9      | HP: 2/118 [poisoned by Manisian's ghost]
 13676 | D:9      | Succumbed to Manisian's ghost's poison

Illustrated notes

Levels and vault maps discovered:
D:1:      minmay_arrival_nine_rooms, layout_basic,
          shapermc_ecumenical_altar_mp_vishouse, hex_medium,
          minmay_gold_behind_fungi
D:2:      layout_loops_ring, basic_altar
D:3:      layout_basic, gup_sewer_entry_bowl, uniq_robin
D:4:      dreamdust_elfheim, layout_rooms, mainiacjoe_overflow_chevrons,
          fiery_altar_vehumet, minmay_temple_entry_butterflies
D:5:      layout_basic, serial_shops, nicolae_shop_hallway_stairs
D:6:      kb_forest_paths, layout_basic, led_sif_pool, serial_shops,
          nicolae_inconvenience_store, serial_bayou_lagoon_b
D:7:      layout_rooms, lemuel_zombie_altar_yredelemnul, serial_demonic,
          serial_demonic_c, serial_demonic_a, serial_demonic_c,
          serial_demonic_e, serial_demonic_b, serial_demonic_c,
          ebering_ghost_gozag, minivault_27, ebering_dispersal_statue_hall,
          kennysheep_generic_room_2
D:8:      layout_basic, serial_shops, kennysheep_little_box,
          lemuel_another_geyser
D:9:      minmay_diamond_stairs, layout_cave_pods, elyvilon_altar_1,
          grunt_dithmenos_smoke, kennysheep_mini, biasface_ghost_orc_armoury
Temple:   regret_index_temple_waves

Skill      XL: |  1  2  3  4  5  6  7  8  9 10 |
---------------+-------------------------------+-----
Stealth        | 2 |  2.0
Dodging        | 2 3 4 5 6 7 |  7.1
Fighting       | 1 2 3 4 5 6 7 |  7.4
Necromancy     | 5 6 7 8 9 |  9.4
Spellcasting   | 3 4 5 6 7 |  7.2
Evocations     | 1 3 5 6 |  6.3

Action                   |  1- 3 |  4- 6 |  7- 9 | 10-12 || total
-------------------------+-------+-------+-------+-------++-------
Melee: Dagger            |    26 |    73 |    92 |       ||   191
       Tailslap          |     1 |    10 |    55 |    23 ||    89
       Punch             |       |     1 |     6 |     3 ||    10
       Scimitar          |       |       |    77 |       ||    77
       Short sword       |       |       |   158 |   174 ||   332
 Cast: Necrotise         |    55 |   117 |   115 |     2 ||   289
       Vampiric Draining |       |     1 |    25 |    17 ||    43
       Animate Dead      |       |       |     5 |     7 ||    12
Invok: Unearth Wretches  |       |       |     1 |     1 ||     2
Evoke: Wand              |       |       |       |     2 ||     2
  Use: Scroll            |     4 |     1 |    12 |       ||    17
       Potion            |       |       |       |     5 ||     5
 Stab: Sleeping          |     2 |     1 |     3 |     4 ||    10
       Distracted        |       |       |     3 |       ||     3
       Paralysed         |       |       |     1 |     1 ||     2
Armor: Robe              |     8 |    20 |   122 |    71 ||   221
Dodge: Dodged            |    31 |    98 |   328 |   191 ||   648
Block: Other             |       |    14 |    74 |    34 ||   122

Table legend: (Time is in decaauts)
 A = Elapsed time spent in this place.
 B = Non-inter-level travel time spent in this place.
 C = Inter-level travel time spent in this place.
 D = Time resting spent in this place.
 E = Time spent auto-exploring this place.
 F = Levels seen in this place.
 G = Mean time per level.
                   A        B        C        D        E       F      G
               +--------+--------+--------+--------+--------+-----+--------+
         Total |  13808 |  13353 |    455 |   2944 |   7395 |  11 | 1255.3 |
       Dungeon |  12761 |  12359 |    402 |   2391 |   7247 |   9 | 1417.9 |
        Temple |    167 |    114 |     53 |      0 |     95 |   1 |  167.0 |
         Sewer |    879 |    879 |      0 |    553 |     53 |   1 |  879.0 |
               +--------+--------+--------+--------+--------+-----+--------+

Top non-repeatable levels by time:
     D:6: 2568 daAuts
     D:9: 2044 daAuts
     D:5: 1510 daAuts
     D:7: 1309 daAuts
     D:8: 1259 daAuts
     D:3: 1196 daAuts
     D:1: 1142 daAuts
     D:4: 1017 daAuts
   Sewer: 879 daAuts
     D:2: 711 daAuts
  Temple: 167 daAuts
